Map: Ancient Cistern LE

Players

Solar - Winner!

  • Race: Zerg Zerg
  • League: Master
  • Spawn Location: 1:00

Fjant

  • Race: Zerg Zerg
  • League: Grandmaster
  • Spawn Location: 7:00

Event: HomeStory Cup XXIII

VOD

Have the link to the VOD?

Description

Time

  • Played on: June 30, 2023, 1:41 p.m.
  • Length: 6:26

All games in this series

Show
View Real Time Build Order
Export as new Build Order

Solar Zerg - Winner!

Build Orders: Hatch First 

Get SALT Encoding   

  12  0:00  Drone  
  13  0:12  Overlord  
  13  0:16  Drone  
  14  0:31  Drone x2  
  16  0:46  Hatchery  
  15  0:50  Drone  
  15  0:54  Drone  
  17  0:57  Drone  
  18  1:08  Extractor  
  17  1:12  Spawning Pool  
  17  1:15  Drone  
  17  1:18  Drone  
  18  1:27  Drone  
  19  1:39  Drone  
  20  1:49  Drone  
  21  1:59  Queen x2, Zergling x2  
  21  2:00  Overlord  
  26  2:09  Metabolic Boost  
  26  2:10  Drone x2  
  28  2:20  Drone  
  28  2:21  Drone  
  30  2:32  Hatchery  
  30  2:34  Zergling x2  
  30  2:41  Queen  
  32  2:48  Baneling Nest  
  32  2:50  Drone  
  32  2:54  Overlord  
  32  2:56  Drone  
  33  2:59  Drone  
  33  3:01  Drone  
  33  3:04  Drone  
  36  3:13  Zergling x2  
  36  3:14  Zergling x6  
  36  3:16  Zergling x2  
  36  3:18  Zergling x2  
  42  3:20  Drone  
  42  3:24  Overlord  
  43  3:27  Drone  
  43  3:31  Baneling  
  44  3:37  Evolution Chamber  
  43  3:43  Drone x5  
  43  3:44  Baneling  
  43  3:48  Drone, Zergling x2  
  48  3:50  Overlord  
  48  3:52  Zergling x2  
  48  3:54  Drone  
  51  3:56  Zergling x2  
  51  3:59  Drone  
  51  4:01  Drone  
  51  4:02  Drone  
  55  4:06  Zergling x2  
  54  4:10  Baneling x2  
  54  4:13  Zergling x4  
  56  4:17  Zergling x2  
  56  4:18  Zergling x6  
  56  4:22  Zergling x6  
  63  4:25  Overlord  
  63  4:27  Zergling x2, Baneling  
  63  4:29  Zergling x2  
  63  4:30  Zergling x2  
  65  4:35  Overlord  
  65  4:37  Overlord  
  65  4:38  Baneling  
  65  4:45  Extractor, Drone x2, Roach Warren  
  65  4:47  Drone  
  65  4:48  Drone  
  65  4:51  Drone  
  68  4:53  Drone x2  
  68  4:54  Drone  
  68  4:55  Drone  
  68  4:57  Drone  
  73  5:02  Drone  
  73  5:05  Overlord  
  72  5:07  Drone x2  
  72  5:10  Overlord  
  73  5:18  Zergling x6  
  75  5:27  Roach x6  
  80  5:31  Roach x2  
  80  5:32  Extractor  
  77  5:38  Roach  
  77  5:40  Roach  
  77  5:42  Drone x5  
  85  5:48  Drone  
  85  5:49  Drone x2  
  87  5:50  Extractor x2  
  87  5:53  Roach  
  87  5:58  Roach x2  
  87  5:59  Roach, Zergling x8  
  87  6:01  Overlord  
  97  6:05  Roach  
  97  6:06  Overlord  
Show
View Real Time Build Order
Export as new Build Order

Fjant Zerg 

Build Orders: Hatch First 

Get SALT Encoding   

  12  0:00  Drone  
  13  0:12  Overlord  
  13  0:17  Drone  
  14  0:39  Drone x2  
  16  0:48  Hatchery  
  15  0:52  Drone  
  15  0:56  Drone  
  17  1:00  Drone  
  18  1:10  Extractor  
  17  1:14  Spawning Pool  
  17  1:17  Drone  
  17  1:21  Drone  
  18  1:35  Drone  
  19  1:44  Drone  
  20  1:55  Drone  
  21  2:02  Queen x2  
  21  2:04  Zergling x2  
  26  2:11  Overlord  
  26  2:13  Drone  
  27  2:16  Metabolic Boost  
  27  2:18  Drone  
  28  2:29  Zergling x2  
  29  2:30  Drone  
  29  2:35  Hatchery  
  29  2:41  Drone  
  29  2:44  Drone  
  31  2:46  Drone  
  31  2:48  Overlord  
  32  2:56  Baneling Nest  
  31  3:12  Drone x3  
  34  3:14  Drone x2  
  34  3:18  Overlord  
  36  3:29  Drone, Evolution Chamber  
  36  3:36  Zergling x2  
  36  3:37  Zergling x8  
  41  3:42  Zergling x6  
  41  3:46  Zergling x4  
  41  3:47  Zergling x4  
  47  3:49  Zergling x2  
  47  3:50  Baneling x2  
  47  3:55  Zergling x4  
  49  4:12  Zergling x2  
  49  4:13  Zerg Ground Armor Level 1  
  50  4:17  Roach Warren  
  50  4:19  Overlord  
  50  4:22  Drone  
  47  4:32  Drone x3  
  47  4:36  Overlord  
  50  4:41  Drone x2  
  52  4:46  Extractor  
  51  5:06  Roach x7  
  64  5:13  Zergling x8  
  65  5:27  Zergling x4  
  65  5:28  Zergling x10  
  61  5:32  Roach  
  61  5:33  Roach  
  56  5:39  Roach  
  53  5:43  Roach x4  
  53  5:46  Zergling x8  
  64  5:50  Zergling x2  
  64  5:55  Zergling x2  
  66  5:57  Overlord  
  66  6:03  Overlord  
Tags
 
Add a new tag
Caveats
  • Supply blocks, unpowered buildings, or Contaminate may cause inaccurate times.
  • Supply counts are checked every 10 seconds.